 Dungeon Crawl Stone Soup version 0.31-a0-188-g5e087ee2ca (webtiles) character file.

Game seed: 5292253693012098528

288 qw the Skirmisher (level 6, -5/35 HPs)
             Began as a Deep Elf Hunter on June 23, 2023.
             Slain by Edmund
             ... wielding a +4 flail of protection
              (7 damage)
             ... on level 4 of the Dungeon.
             The game lasted 00:01:08 (2272 turns).

qw the Skirmisher (Deep Elf Hunter)                 Turns: 2272, Time: 00:01:09

Health: -5/35      AC:  4    Str: 10    XL:     6   Next: 9%
Magic:  8/8        EV: 13    Int: 14    God:
Gold:   150        SH:  0    Dex: 18    Spells: 5/5 levels left

rFire   . . .        Y - +0 shortbow
rCold   . . .        (shield currently unavailable)
rNeg    . . .        c - +0 leather armour
rPois   +            b - +0 helmet
rElec   .            (no cloak)
rCorr   .            (no gloves)
SInv    .            (no boots)
Will    .....        (no amulet)
Stlth   ++           g - ring of poison resistance
HPRegen 0.25/turn    (no ring)
MPRegen 0.11/turn

%: no passive effects
@: about to teleport
A: no striking features
a: no special abilities


You were on level 4 of the Dungeon.
You visited 1 branch of the dungeon, and saw 4 of its levels.

You collected 150 gold pieces.


   Skills:
 - Level 2.2 Fighting
 + Level 9.1 Ranged Weapons
 - Level 3.1 Dodging
 - Level 1.2 Stealth


You had 5 spell levels left.
You didn't know any spells.
Your spell library was empty.

Inventory:

Hand Weapons
 Y - a +0 shortbow (weapon)
Armour
 b - a +0 helmet (worn)
 c - a +0 leather armour (worn)
Jewellery
 g - a ring of poison resistance (left hand)
Potions
 a - a potion of might {unknown}
 d - 3 potions of lignification {unknown}
 e - a potion of attraction {unknown}
 f - a potion of degeneration {unknown}
 h - a potion of curing
 i - a potion of heal wounds {unknown}
 l - a potion of cancellation {unknown}
 n - a potion of enlightenment {unknown}

Dungeon Overview and Level Annotations

Branches:
Dungeon (4/15)
 Temple: D:4-7

Altars:
Nemelex Xobeh

Annotations:
D:4 Edmund


Message History

Edmund the Younger comes into view.
He is wielding a +4 flail of protection.
Found 7 stones.
Enter note: You shoot an arrow.
The arrow hits Edmund but does no damage.
Edmund shouts!
You hear the slow rusting of a distant drain.
You shoot an arrow. The arrow hits Edmund.
Edmund is lightly wounded.
You shoot an arrow.
The arrow hits Edmund but does no damage.
Edmund is lightly wounded.
You shoot an arrow. The arrow completely misses Edmund.
You shoot an arrow.
The arrow hits Edmund but does no damage.
Edmund is lightly wounded.
You shoot an arrow.
The arrow hits Edmund but does no damage.
Edmund is lightly wounded.
You shoot an arrow. The arrow closely misses Edmund.
Edmund hits you with a +4 flail of protection.
You shoot an arrow.
The arrow hits Edmund but does no damage.
Edmund is lightly wounded.
Edmund hits you with a +4 flail of protection!
You shoot an arrow.
The arrow hits Edmund but does no damage.
Edmund is lightly wounded.
Edmund hits you with a +4 flail of protection!
You shoot an arrow. The arrow closely misses Edmund.
Edmund barely misses you.
You shoot an arrow.
The arrow hits Edmund but does no damage.
Edmund is lightly wounded.
Edmund hits you with a +4 flail of protection!
2272 ||| READING scroll of teleportation.
As you read the scroll of teleportation, it crumbles to dust.
You feel strangely unstable.
Edmund hits you with a +4 flail of protection!
You die...

####### #...#.## ##
#...... .#
..#.....### .#
...../@@..####.#
..#.....#....#.######
#...#.#....).......
#..(#....#.#.######
#.. #.#..#.#... #..
#.#.%#.#..## #.
#.#..#.#..# #.
#.#..#.#..# #..#.#..#


You could see Edmund.

Vanquished Creatures
  An ogre (D:2)
  2 hounds
  8 adders
  3 dart slugs
  5 ball pythons
  6 endoplasms
  2 giant cockroaches
  6 goblins
  8 hobgoblins
  4 jackals (D:1)
  2 quokkas (D:1)
  6 bats
  5 frilled lizards
  6 kobolds
  6 rats (D:1)
70 creatures vanquished.

Notes
Turn   | Place    | Note
-------+----------+-------------------------------------------
     0 | D:1      | qw the Deep Elf Hunter began the quest for the Orb.
     0 | D:1      | Reached XP level 1. HP: 12/12 MP: 3/3
     0 | D:1      | 0 ||| qw: Version: 0.3-a-9-g12657ce
     0 | D:1      | 0 ||| qw: Game counter: 4028
     0 | D:1      | 0 ||| qw: Always use a shield: true
     0 | D:1      | 0 ||| qw: God list: Okawaru
     0 | D:1      | 0 ||| qw: Allow faded altars: false
     0 | D:1      | 0 ||| qw: Do Orc after D:15 true
     0 | D:1      | 0 ||| qw: Do second Lair branch before Depths: true
     0 | D:1      | 0 ||| qw: Lair rune preference: random
     0 | D:1      | 0 ||| qw: Plans: Normal
     0 | D:1      | 0 ||| PLANNING D:1-11
    59 | D:1      | Found a faded altar of an unknown god.
    93 | D:1      | Reached skill level 6 in Ranged Weapons
    93 | D:1      | Reached XP level 2. HP: 16/16 MP: 4/4
   286 | D:1      | 286 ||| UPGRADING to ring of poison resistance.
   297 | D:1      | 297 ||| READING scroll labelled FUOCWOKIFY.
   308 | D:1      | 308 ||| DROPPING scroll of butterflies.
   326 | D:1      | 326 ||| FLEEEEING.
   327 | D:1      | 327 ||| FLEEEEING.
   328 | D:1      | 328 ||| FLEEEEING.
   361 | D:1      | Reached XP level 3. HP: 20/20 MP: 5/5
   668 | D:1      | Reached skill level 7 in Ranged Weapons
   849 | D:1      | 849 ||| UPGRADING to +0 helmet.
   872 | D:2      | Found a sparkling altar of Nemelex Xobeh.
  1085 | D:2      | Reached XP level 4. HP: 25/25 MP: 6/6
  1383 | D:2      | Noticed an ogre
  1391 | D:2      | Killed an ogre
  1392 | D:2      | Reached skill level 8 in Ranged Weapons
  1392 | D:2      | Reached XP level 5. HP: 15/29 MP: 7/7
  1610 | D:2      | 1610 ||| DROPPING +6 ring of intelligence.
  1611 | D:2      | 1611 ||| READING scroll labelled IFEOXTU VUTAO.
  1612 | D:2      | 1612 ||| READING scroll labelled QEPRANW IREYTIEN.
  1613 | D:2      | 1613 ||| DRINKING 2 bubbling clear potions.
  1685 | D:3      | HP: 7/29 [adder (2)]
  1687 | D:3      | HP: 3/29 [poisoned by an adder]
  1690 | D:3      | HP: 1/29 [poisoned by an adder]
  1692 | D:3      | Reached skill level 9 in Ranged Weapons
  1826 | D:3      | Reached skill level 3 in Dodging
  1826 | D:3      | 1826 ||| FLEEEEING.
  1827 | D:3      | 1827 ||| FLEEEEING.
  1830 | D:3      | 1830 ||| FLEEEEING.
  1831 | D:3      | 1831 ||| FLEEEEING.
  1832 | D:3      | 1832 ||| FLEEEEING.
  1833 | D:3      | 1833 ||| FLEEEEING.
  1835 | D:3      | 1835 ||| FLEEEEING.
  1836 | D:3      | 1836 ||| FLEEEEING.
  1837 | D:3      | 1837 ||| FLEEEEING.
  1838 | D:3      | 1838 ||| FLEEEEING.
  1839 | D:3      | 1839 ||| FLEEEEING.
  1840 | D:3      | 1840 ||| FLEEEEING.
  1841 | D:3      | 1841 ||| FLEEEEING.
  1842 | D:3      | 1842 ||| FLEEEEING.
  1843 | D:3      | 1843 ||| STAIRDANCE
  1855 | D:2      | 1855 ||| DRINKING 2 cyan potions.
  1856 | D:2      | 1856 ||| DROPPING potion of invisibility.
  2140 | D:3      | 2140 ||| READING scroll labelled KICEMU QIUTT.
  2144 | D:3      | 2144 ||| READING scroll labelled DIJUWK TYROQUM.
  2145 | D:3      | 2145 ||| READING scroll labelled PYTUOL OPUNO.
  2162 | D:4      | 2162 ||| PLANNING SEWER
  2165 | D:4      | 2165 ||| STAIRDANCE
  2223 | D:4      | Reached XP level 6. HP: 35/35 MP: 8/8
  2260 | D:4      | Noticed Edmund
  2271 | D:4      | HP: 2/35 [Edmund/+4 flail of protection (11)]
  2272 | D:4      | 2272 ||| READING scroll of teleportation.
  2272 | D:4      | Slain by Edmund

Levels and vault maps discovered:
D:1:      erik_arrival_orb_chamber, layout_loops_ring, serial_forest,
          infiniplex_forest_straight_2, infiniplex_forest_clump_double,
          infiniplex_forest_end_double, infiniplex_forest_lined_3,
          infiniplex_forest_clump_cross, infiniplex_forest_clump_double,
          shapermc_ecumenical_altar_totnotflames
D:2:      wad_pebble_path, layout_basic, serial_curves, eino_curves_02,
          eino_curves_03, basic_altar
D:3:      layout_rooms
D:4:      layout_basic, minmay_temple_entry_glass, cheibrodos_sewer_entry_drain,
          uniq_edmund, uniq_pikel

Skill      XL: |  1  2  3  4  5 |
---------------+----------------+-----
Ranged Weapons | 6 7 8 9 |  9.1
Dodging        | 3 |  3.1
Fighting       | 2 |  2.2
Stealth        | |  1.2

Action                     |  1- 3 |  4- 6 || total
---------------------------+-------+-------++-------
   Fire: Shortbow          |   107 |   134 ||   241
    Use: Scroll            |     1 |     6 ||     7
         Potion            |       |     2 ||     2
 Armour: Leather armour    |    11 |    19 ||    30
  Dodge: Dodged            |    20 |    40 ||    60

Table legend:
 A = Non-vault XP
 B = Vault XP
 C = Vault XP percentage of total XP
 D = Non-vault monster count
 E = Vault monster count
 F = Vault count percentage of total count
                 A         B        C        D         E       F
            +---------+---------+-------+---------+---------+-------
      Total |     412 |       0 |   0.0 |      70 |       0 |   0.0
            +---------+---------+-------+---------+---------+-------
        D:1 |      64 |       0 |   0.0 |      36 |       0 |   0.0
        D:2 |     187 |       0 |   0.0 |      20 |       0 |   0.0
        D:3 |     102 |       0 |   0.0 |      10 |       0 |   0.0
        D:4 |      59 |       0 |   0.0 |       4 |       0 |   0.0
            +---------+---------+-------+---------+---------+-------
